AoeStats
← Scooby Jew

Arena

504257793Analyzed
2v2 RM · 26d ago on Sep 4, 2026· 58m 33s· 4 players
Game mode
Random Map
Map size
Medium (4 player)
Population
200
Speed
Normal
Resources
Standard
Victory
Conquest
Starting age
Dark Age
Ending age
Imperial Age
RankedLock teamsTeams togetherTeam positionsShared explorationLock speedFull tech treeHidden civsTurbo modeCheats
Victory
Defeat
🇬🇷 Mongols · Greece
791
+19
🇫🇷 Burgundians · France
785
+19
🇨🇳 Britons · China
858
-19
🇨🇳 Britons · China
857
-19
Scooby Jew
5:03 Loom
7:47 Double-Bit Axe
8:47 Loom
11:01 Feudal Age
10:39 Horse Collar
12:08 Bow Saw
17:58 Castle Age
19:37 Husbandry
20:47 Gold Mining
21:17 Cavalier
28:25 Wheelbarrow
29:10 Stone Mining
30:17 Scale Barding Armor
30:13 Padded Archer Armor
30:03 Fletching
30:24 Forging
31:38 Scale Mail Armor
31:59 Chain Barding Armor
31:55 Leather Archer Armor
35:20 Imperial Age
33:10 Hand Cart
34:10 Iron Casting
33:31 Bodkin Arrow
34:18 Ballistics
34:35 Burgundian Vineyards
36:05 Two-Man Saw
35:10 Heavy Plow
35:50 Stone Shaft Mining
35:50 Gold Shaft Mining
35:23 Paladin
37:15 Chemistry
36:26 Fortified Wall
36:11 Murder Holes
36:27 Masonry
37:43 Plate Barding Armor
38:09 Blast Furnace
37:25 Chain Mail Armor
37:50 Crop Rotation
38:15 Murder Holes
38:01 Treadmill Crane
41:59 Plate Mail Armor
41:29 Bracer
44:15 Hoardings
55:27 Sappers
56:20 Conscription
Denys
9:53 Feudal Age
13:07 Double-Bit Axe
19:58 Castle Age
18:35 Wheelbarrow
17:53 Horse Collar
19:01 Stone Mining
19:07 Gold Mining
19:09 Town Watch
19:26 Loom
21:02 Bow Saw
20:54 Heavy Plow
24:48 Bloodlines
27:19 Light Cavalry
30:06 Husbandry
30:46 Thumb Ring
31:19 Scale Barding Armor
31:17 Padded Archer Armor
31:12 Fletching
31:33 Forging
33:33 Chain Barding Armor
34:34 Stone Shaft Mining
34:35 Gold Shaft Mining
37:31 Imperial Age
35:28 Hand Cart
35:46 Town Patrol
39:02 Ballistics
39:44 Chemistry
39:13 Parthian Tactics
38:12 Hussar
39:34 Iron Casting
38:54 Bodkin Arrow
41:25 Bracer
42:26 Blast Furnace
42:17 Conscription
48:18 Hoardings
47:41 Elite Mangudai
51:58 Capped Ram
1534721392
10:45 Feudal Age
11:13 Feudal Age
18:54 Castle Age
16:59 Horse Collar
17:44 Double-Bit Axe
30:07 Imperial Age
29:02 Fletching
29:12 Padded Archer Armor
29:13 Scale Mail Armor
29:24 Murder Holes
30:09 Yeomen
32:24 Wheelbarrow
31:34 Loom
32:32 Bow Saw
32:14 Gold Mining
32:14 Stone Mining
33:40 Chemistry
32:54 Bodkin Arrow
33:16 Leather Archer Armor
35:05 Two-Man Saw
34:12 Heavy Plow
34:38 Stone Mining
34:10 Pikeman
34:50 Squires
34:36 Arson
35:43 Gold Shaft Mining
35:15 Bracer
35:46 Ring Archer Armor
35:27 Forging
35:32 Chain Mail Armor
35:45 Ballistics
35:11 Treadmill Crane
35:37 Heated Shot
35:59 Siege Engineers
35:18 Halberdier
36:21 Hand Cart
35:44 Elite Longbowman
36:40 Caravan
37:10 Coinage
37:35 Warwolf
38:38 Iron Casting
44:54 Hoardings
43:49 Sappers
44:40 Conscription
46:42 Crossbowman
47:43 Arbalester
49:41 Blast Furnace
49:11 Plate Mail Armor
49:17 Coinage
48:58 Guilds
56:31 Masonry
56:12 Heated Shot
56:32 Fortified Wall
56:08 Arrowslits
56:04 Elite Skirmisher
12118927
11:44 Feudal Age
19:16 Castle Age
19:24 Double-Bit Axe
27:57 Stone Mining
28:02 Gold Mining
27:58 Horse Collar
28:32 Bow Saw
32:59 Imperial Age
32:07 Heavy Plow
32:49 Forging
32:40 Scale Mail Armor
32:40 Padded Archer Armor
32:31 Fletching
33:40 Wheelbarrow
32:51 Loom
32:53 Town Watch
33:49 Gold Shaft Mining
33:34 Pikeman
34:14 Squires
34:00 Arson
34:32 Siege Engineers
34:46 Hand Cart
35:37 Two-Man Saw
35:43 Chain Mail Armor
36:05 Halberdier
37:46 Iron Casting
39:47 Blast Furnace
39:18 Plate Mail Armor
39:30 Hoardings
40:29 Elite Skirmisher
40:30 Crossbowman
41:46 Warwolf
41:18 Sappers
42:09 Conscription
43:53 Yeomen
45:45 Elite Longbowman
52:23 Leather Archer Armor
52:03 Bodkin Arrow
52:08 Murder Holes
52:23 Fortified Wall
53:15 Chemistry
52:01 Arrowslits
52:36 Ballistics
52:28 Masonry
51:59 Treadmill Crane
Connection lost

Rejoining the realm…

Still unreachable

The connection could not be restored.

Session expired

The server has moved on; the page needs a fresh start.